 Dungeon Crawl Stone Soup version 0.26-a0-665-gefeb406119 (webtiles) character file.

Game seed: 6781107320524439717

48992 snetch the Severer (level 14, -20/133 HPs)
             Began as a Hill Orc Monk on Oct 14, 2020.
             Was the Champion of Beogh.
             Killed from afar by a fire dragon (37 damage)
             ... with a blast of flame
             ... on level 15 of the Dungeon on Oct 15, 2020.
             The game lasted 01:45:54 (21560 turns).

snetch the Severer (Hill Orc Monk)                 Turns: 21560, Time: 01:45:54

Health: -20/133    AC: 27    Str: 17    XL:     14   Next: 48%
Magic:  17/17      EV:  7    Int: 10    God:    Beogh [******]
Gold:   1935       SH: 14    Dex: 13    Spells: 13/13 levels left

rFire    . . .     SeeInvis +   a - +0 war axe (flame)
rCold    . . .     Faith    .   N - +2 kite shield
rNeg     . . .     Spirit   .   P - +0 plate armour of Resonance {rElec Str-2 Slay+6 SInv}
rPois    .         Reflect  .   u - +0 helmet
rElec    +         Harm     .   w - +1 cloak {MR+}
rCorr    +         Rampage  .   j - +2 pair of gloves
MR       ++...                  (no boots)
Stlth    ..........             s - amulet of regeneration
HPRegen  0.72/turn              v - +4 ring of protection
MPRegen  0.15/turn              o - ring of resist corrosion

@: no status effects
A: walk on water
a: Smiting, Recall Orcish Followers, Give Item to Named Follower, Resurrection,
Renounce Religion


You were on level 15 of the Dungeon.
You worshipped Beogh.
Beogh was exalted by your worship.
You visited 3 branches of the dungeon, and saw 18 of its levels.
You also visited: Sewer and Ice Cave.

You collected 2125 gold pieces.
You spent 190 gold pieces at shops.

Inventory:

Hand Weapons
 a - a +0 war axe of flaming (weapon)
 b - the +1 morningstar "Nennyfri" {drain, rElec rF++}
   (You found it in an ice cave)

   A truly terrible weapon, it drains the life of those it strikes.
   It greatly protects you from fire.
   It insulates you from electricity.
 i - a +4 spear
 U - the +7 long sword "Hucimuaw" {vorpal, +Blink rPois}
   (You found it on level 8 of the Dungeon)

   It inflicts extra damage upon your enemies.
   It protects you from poison.
   It lets you blink.
Missiles
 d - 467 stones
 e - 28 poisoned darts (quivered)
 p - 36 boomerangs
 x - 4 throwing nets
Armour
 j - a +2 pair of gloves (worn)
 u - a +0 helmet (worn)
 w - a +1 cloak of magic resistance (worn)
 A - a +4 chain mail
 F - the +0 pair of gloves of Negligence {-Cast rF+++ Dex-2 Stlth+}
   (You found it on level 12 of the Dungeon)

   It affects your dexterity (-2).
   It renders you almost immune to fire.
   It prevents spellcasting.
   It makes you more stealthy.
 N - a +2 kite shield (worn)
 P - the +0 plate armour of Resonance (worn) {rElec Str-2 Slay+6 SInv}
   (You found it on level 6 of the Dungeon)

   It affects your strength (-2).
   It affects your accuracy and damage with ranged weapons and melee attacks
   (+6).
   It insulates you from electricity.
   It lets you see invisible.
Jewellery
 o - a ring of resist corrosion (right hand)
 q - an uncursed ring of protection from fire
 s - an amulet of regeneration (around neck)
 v - a +4 ring of protection (left hand)
 E - an uncursed ring of ice
Wands
 B - a wand of acid (14)
 G - a wand of flame (14)
 H - a wand of random effects (55)
 J - a wand of disintegration (16)
 K - a wand of paralysis (12)
Scrolls
 f - 11 scrolls of teleportation
 g - 2 scrolls of immolation
 l - 5 scrolls of fog
 z - 2 scrolls of magic mapping
 D - 3 scrolls of enchant weapon
 L - a scroll of remove curse
 O - 3 scrolls of amnesia
 Q - 4 scrolls of blinking
 T - a scroll of torment
 V - 2 scrolls of enchant armour
 X - 5 scrolls of fear {unknown}
 Z - 4 scrolls of vulnerability {unknown}
Potions
 h - 3 potions of berserk rage
 k - 3 potions of cancellation
 m - 7 potions of brilliance
 n - 4 potions of might
 r - 2 potions of curing
 t - 3 potions of flight
 y - 5 potions of ambrosia {unknown}
 C - 3 potions of heal wounds
 I - 2 potions of resistance
 M - a potion of haste
 R - a potion of invisibility
 S - 2 potions of mutation
 Y - a potion of lignification
Miscellaneous
 c - a box of beasts (3/3)
 W - a phial of floods


   Skills:
 + Level 14.4 Fighting
 - Level 16.0 Axes
 + Level 12.8 Armour
 + Level 4.7 Dodging
 + Level 4.3 Stealth
 + Level 11.6 Shields
 + Level 4.5 Invocations
 + Level 1.3 Evocations


You had 13 spell levels left.
You didn't know any spells.
Your spell library contained the following spells:

 Spells                   Type           Power        Failure   Level
 Animate Skeleton         Necr           #.....       100%        1
 Magic Dart               Conj           #...         100%        1
 Pain                     Necr           #...         100%        1
 Sting                    Tmut/Pois      #...         100%        1
 Blink                    Tloc           N/A          100%        2
 Call Imp                 Summ           #.......     100%        2
 Poisonous Vapours        Pois/Air       #.....       100%        2
 Searing Ray              Conj           #.....       100%        2
 Slow                     Hex            #.......     100%        2
 Confusing Touch          Hex            #.......     100%        3
 Conjure Flame            Conj/Fire      #.......     100%        3
 Dazzling Flash           Conj/Hex       #.....       100%        3
 Gell's Gravitas          Tloc           #.........   100%        3
 Ignite Poison            Fire/Tmut/Pois #.......     100%        3
 Lesser Beckoning         Tloc           #.........   100%        3
 Mephitic Cloud           Conj/Pois/Air  #.......     100%        3
 Vampiric Draining        Necr           #.........   100%        3
 Animate Dead             Necr           #.........   100%        4
 Fulminant Prism          Conj/Hex       #.........   100%        4
 Iskenderun's Mystic Bla  Conj/Tloc      #.......     100%        4
 Olgreb's Toxic Radiance  Pois           #.......     100%        4
 Petrify                  Tmut/Erth      #.......     100%        4
 Agony                    Necr           #.......     100%        5
 Metabolic Englaciation   Hex/Ice        #.........   100%        5
 Yara's Violent Unravell  Hex/Tmut       #.........   100%        5


Dungeon Overview and Level Annotations

Branches:
Dungeon (15/15)            Temple (1/1) D:6            Lair (0/6) D:8
    Orc (2/2) D:12            Elf (0/3) Orc:2        Vaults (0/5) D:14
  Sewer (visited)           IceCv (visited)
 Depths: D:15

Altars:
Ashenzari
Cheibriados
Dithmenos
Elyvilon
Fedhas
Gozag
Hepliaklqana
Kikubaaqudgha
Makhleb
Nemelex Xobeh
Okawaru
Qazlal
Ru
Sif Muna
Trog
Uskayaw
Vehumet
Wu Jian
Xom
Yredelemnul
Zin
The Shining One
Beogh

Shops:
D:8 [}[[}   D:10 (   D:11 *   D:15 }   Orc:2 }}*:

Annotations:
D:12 monsters in a window


Message History

The fire dragon claws your orc knight!
The fire dragon closely misses your orc knight.
You slash the fire dragon!
The fire dragon is almost dead.
Berold closely misses the fire dragon.
The fire dragon barely misses Berold.
The fire dragon claws Berold.
The fire dragon tramples Berold.
Berold holds its ground!
Your orc knight roars a battlecry!
Your orcs go into a battle-frenzy!
You hit the fire dragon but do no damage.
The fire dragon is almost dead.
Argrim no longer looks unusually strong.
The fire dragon bites you but does no damage.
The fire dragon claws you but does no damage.
The fire dragon tramples you.
* * * LOW HITPOINT WARNING * * *
You hold your ground!
Argrim closely misses the fire dragon.
The fire dragon breathes flames at you.
The blast of flame misses Berold.
The blast of flame hits you!!!
You die...

.....
########.....
............
...........
#..........
#.....^....
#######.Do.......
.......@†oD......
########oo.......
########o########
....oo.oo#######


.....ooooooooo.. .....oooooooo(). ......ooooo..... .......)o....... ....
.......(........ .... You could see 2 fire dragons, 4 friendly orc knights, the
friendly Argrim the orc knight, the friendly Berold the orc knight (strong), 6
friendly orc warriors, the friendly Worak the orc priest (strong) and a friendly
orc (strong).

Vanquished Creatures
  A frost giant (IceCv)
  A hydra (D:13)
  Harold (D:7)
  A centaur warrior (D:14)
  3 two-headed ogres (D:10)
  A death yak (IceCv)
  A slime creature (D:13)
  3 skeletal warriors (D:15)
  3 orc sorcerers (Orc:2)
  2 deep elf magi
  A wolf spider (D:8)
  A manticore (D:14)
  3 cyclopes
  2 centaur zombies
  4 ugly things
  An elephant (D:8)
  A gargoyle (D:11)
  A centaur skeleton (D:12)
  A rime drake (IceCv)
  Maggie (D:7)
  14 polar bears (IceCv)
  3 trolls
  Grinder (D:3)
  A hornet (D:8)
  Sigmund (D:4)
  A vampire (D:11)
  A wraith (D:3)
  A basilisk (D:8)
  32 yaks
  4 fire elementals
  A vampire mosquito (D:8)
  Menkaure (D:7)
  2 wargs
  A soldier ant (D:14)
  Edmund (D:4)
  2 water moccasins
  8 orc warriors
  A black bear (D:8)
  2 sky beasts
  A hornet zombie (D:6)
  8 ogres
  2 phantoms
  3 necrophages
  An eye of draining (shapeshifter) (D:14)
  9 ice beasts
  11 wolves (IceCv)
  5 boggarts (D:12)
  5 centaurs
  2 big kobolds
  2 bullfrogs
  A wyvern zombie (D:10)
  2 scorpions
  A wyvern skeleton (D:9)
  8 killer bees
  11 wights
  8 howler monkeys
  A bullfrog zombie (D:7)
  A quasit (D:8)
  A gnoll shaman (D:8)
  4 jellies
  Crazy Yiuf (D:2)
  An orc priest (D:6)
  A bullfrog skeleton (D:7)
  6 hounds
  4 iguanas
  10 orc wizards
  5 worker ants
  A killer bee zombie (D:6)
  A howler monkey zombie (D:10)
  Robin (D:2)
  3 gnolls (D:8)
  13 adders
  A river rat (D:4)
  3 shadow imps
  2 white imps
  6 ufetubi
  5 oozes
  An adder zombie (D:7)
  An adder skeleton (D:8)
  12 worms
  5 leopard geckos
  51 orcs
  2 ball pythons (D:4)
  19 giant cockroaches
  15 goblins
  17 hobgoblins
  10 jackals
  3 quokkas
  2 ball python skeletons
  22 bats
  9 frilled lizards
  17 kobolds
  A quokka zombie (D:6)
  13 rats
462 creatures vanquished.

Vanquished Creatures (collateral kills)
  Azrael (Orc:2)
  2 hydras
  4 boulder beetles
  5 centaur warriors
  The ghost of robertstho the Quickloader, a journeyman KoHu of Okawaru (D:10)
  A two-headed ogre (shapeshifter) (D:14)
  An unseen horror (D:15)
  2 skeletal warriors (D:15)
  3 deep elf magi
  13 ugly things
  An orc sorcerer (Orc:1)
  2 manticores
  A guardian serpent (shapeshifter) (D:13)
  A centaur skeleton (D:12)
  A queen bee (D:10)
  3 trolls
  A troll (shapeshifter) (D:14)
  A wyvern (D:15)
  An air elemental (D:11)
  A shadow (D:8)
  A vampire (D:13)
  10 yaks
  A basilisk (D:13)
  A vampire mosquito (D:8)
  2 wargs
  A water moccasin (D:12)
  3 hell hounds (Orc:2)
  5 ice beasts
  12 orc warriors
  An eye of draining (shapeshifter) (D:14)
  2 sky beasts (D:13)
  A black bear (D:12)
  3 ogres
  3 phantoms
  4 centaurs (D:15)
  A big kobold (D:11)
  3 bullfrogs
  3 scorpions
  9 killer bees
  2 wights (D:13)
  A jelly (D:12)
  3 centaur zombies
  A hound (D:12)
  8 orc priests
  A bullfrog skeleton (D:12)
  10 orc wizards
  4 worker ants
  A hound skeleton (D:11)
  A worker ant zombie (D:10)
  A howler monkey zombie (D:9)
  A leopard gecko (D:9)
  16 orcs
162 creatures vanquished.

Vanquished Creatures (others)
  An orc high priest (Orc:2)
  2 polar bears (IceCv)
  A water elemental (D:11)
  7 orc warriors
  3 wolves (IceCv)
  An earth elemental (D:11)
  20 orc priests
  18 orc wizards
  39 orcs
  5 fungi
  A plant (D:8)
98 creatures vanquished.

Grand Total: 722 creatures vanquished

Notes
Turn   | Place    | Note
-------+----------+-------------------------------------------
     0 | D:1      | snetch the Hill Orc Monk began the quest for the Orb.
     0 | D:1      | Reached XP level 1. HP: 19/19 MP: 1/1
   290 | D:1      | Reached XP level 2. HP: 24/27 MP: 2/2
   497 | D:1      | Found an iron altar of Okawaru.
   618 | D:1      | Reached XP level 3. HP: 29/33 MP: 3/3
  1078 | D:1      | Reached skill level 5 in Axes
  1287 | D:2      | Noticed an ogre
  1301 | D:2      | Killed an ogre
  1301 | D:2      | Reached skill level 6 in Axes
  1301 | D:2      | Reached XP level 4. HP: 39/41 MP: 4/4
  1301 | D:2      | Reached XP level 5. HP: 44/47 MP: 5/5
  1315 | D:2      | Reached skill level 1 in Armour
  1654 | D:3      | Found a transporter.
  1669 | D:3      | Noticed Grinder
  1713 | D:3      | Paralysed by Grinder for 2 turns
  1719 | D:3      | Paralysed by Grinder for 2 turns
  1732 | D:3      | Killed Grinder
  1732 | D:3      | Reached skill level 8 in Axes
  1732 | D:3      | Reached XP level 6. HP: 43/55 MP: 6/6
  1775 | D:3      | Reached XP level 7. HP: 59/60 MP: 7/7
  2339 | D:2      | Found a runed translucent door.
  2339 | D:2      | Noticed Robin
  2340 | D:2      | Noticed Crazy Yiuf
  2370 | D:2      | Killed Robin
  2376 | D:2      | Killed Crazy Yiuf
  2466 | D:4      | Reached skill level 5 in Fighting
  2572 | D:4      | Reached skill level 9 in Axes
  2593 | D:4      | HP: 3/61 [poisoned by an adder]
  2759 | D:4      | Found a glowing drain.
  2775 | Sewer    | Entered a sewer
  3262 | D:3      | Found a basalt altar of Yredelemnul.
  3262 | D:3      | Noticed a wraith
  3263 | D:3      | Found a transporter.
  3906 | D:5      | Entered Level 5 of the Dungeon
  3935 | D:4      | Reached XP level 8. HP: 69/69 MP: 8/8
  4092 | D:4      | Noticed Edmund
  4119 | D:4      | Killed Edmund
  4144 | D:4      | Noticed Sigmund
  4159 | D:4      | Killed Sigmund
  4159 | D:4      | Reached skill level 10 in Axes
  4614 | D:3      | Killed a wraith
  4660 | D:3      | Identified the Almanac of Displaced Intoxication
  4858 | D:5      | Reached skill level 11 in Axes
  5013 | D:5      | Found a blossoming altar of Fedhas.
  5115 | D:5      | Found a shadowy altar of Dithmenos.
  5294 | D:5      | Reached XP level 9. HP: 61/77 MP: 9/9
  5827 | D:6      | Reached skill level 5 in Armour
  5932 | D:6      | Found a staircase to the Ecumenical Temple.
  5943 | Temple   | Entered the Ecumenical Temple
  6336 | D:6      | Reached skill level 12 in Axes
  6844 | D:6      | Found a runed translucent door.
  6966 | D:6      | Got a scorched plate armour
  7183 | D:6      | Reached skill level 1 in Shields
  7234 | D:6      | Found a roughly hewn altar of Beogh.
  7261 | D:6      | Became a worshipper of Beogh the Brigand
  7261 | D:6      | Reached * piety under Beogh
  7261 | D:6      | Reached ** piety under Beogh
  7552 | D:8      | Found Voamm's Gadget Boutique.
  7556 | D:8      | Noticed an elephant
  7560 | D:8      | Found a staircase to the Lair.
  7608 | D:7      | HP: 3/78 [wight/cursed +4 halberd of freezing (8)]
  7608 | D:7      | HP: 1/78 [wight/cursed +4 halberd of freezing (2)]
  7670 | D:7      | Identified the cursed +0 plate armour of Resonance {rElec
                  | Str-2 Slay+6 SInv} (You found it on level 6 of the Dungeon)
  8015 | D:7      | Reached skill level 13 in Axes
  8251 | D:8      | Found Dasaastri's Gadget Shop.
  8383 | D:8      | Found Jazathri's Antique Armour Shoppe.
  8396 | D:8      | Found Wiagid's Antique Armour Shop.
  8487 | D:7      | Reached XP level 10. HP: 84/84 MP: 10/10
  8598 | D:7      | Noticed Harold
  8620 | D:7      | Killed Harold
  8620 | D:7      | Reached skill level 14 in Axes
  8744 | D:7      | Noticed Maggie
  8753 | D:7      | Killed Maggie
  8787 | D:7      | Noticed Menkaure
  8794 | D:7      | Killed Menkaure
  8906 | D:8      | Killed an elephant
  8943 | D:8      | Reached *** piety under Beogh
  9118 | D:8      | Found Zuoboucw's Antique Armour Shoppe.
  9233 | D:8      | Found a blossoming altar of Fedhas.
  9330 | D:8      | Noticed a wolf spider
  9330 | D:8      | Noticed a white ugly thing
  9340 | D:8      | Killed a wolf spider
  9340 | D:8      | Reached skill level 15 in Axes
  9349 | D:8      | Reached XP level 11. HP: 61/95 MP: 11/11
  9350 | D:8      | Killed a white ugly thing
  9370 | D:8      | Got a warped long sword
  9753 | D:8      | Identified the +7 long sword "Hucimuaw" {vorpal, +Blink
                  | rPois} (You found it on level 8 of the Dungeon)
  9886 | D:9      | Got a crude leather armour
  9988 | D:10     | Entered Level 10 of the Dungeon
 10101 | D:10     | Noticed a two-headed ogre
 10116 | D:9      | Reached **** piety under Beogh
 10901 | D:10     | Found Sypni's Antique Weapon Shoppe.
 10996 | D:10     | Noticed robertstho's ghost (journeyman KoHu)
 11001 | D:10     | Found a runed translucent door.
 11030 | D:10     | Gained Argrim as an ally
 11060 | D:10     | Killed robertstho's ghost
 11060 | D:10     | Reached skill level 5 in Shields
 11079 | D:10     | Identified the cursed +1 leather armour "Tochexat" {*Slow
                  | Int+6} (You found it on level 9 of the Dungeon)
 11176 | D:10     | Noticed a two-headed ogre
 11184 | D:10     | Killed a two-headed ogre
 11249 | D:10     | Gained Berold as an ally
 11251 | D:10     | Reached skill level 16 in Axes
 11260 | D:10     | Killed a two-headed ogre
 11747 | D:10     | Noticed a two-headed ogre
 11755 | D:10     | Killed a two-headed ogre
 11784 | D:11     | Found Kabbaenn's General Store.
 11817 | D:11     | Bought a scroll of blinking for 75 gold pieces
 11817 | D:11     | Bought a potion of heal wounds for 50 gold pieces
 12231 | D:11     | Noticed a brown ugly thing
 12244 | D:11     | Killed a brown ugly thing
 12656 | D:11     | Reached ***** piety under Beogh
 12738 | D:12     | Got a pair of ancient gloves
 12743 | D:12     | Identified the +0 pair of gloves of Negligence {-Cast rF+++
                  | Dex-2 Stlth+} (You found it on level 12 of the Dungeon)
 12775 | D:12     | Noticed a centaur warrior
 12775 | D:12     | Noticed a brown ugly thing
 12801 | D:12     | Noticed a deep elf mage
 12806 | D:12     | Killed a deep elf mage
 12908 | D:12     | Found a roughly hewn altar of Beogh.
 12908 | D:12     | Found a staircase to the Orcish Mines.
 12908 | D:12     | Identified the +5 shortbow of Soem {flame, rPois rC+ Str-2}
 12915 | D:12     | Reached skill level 10 in Fighting
 12923 | D:12     | Reached XP level 12. HP: 101/106 MP: 12/12
 12931 | D:12     | Found a frozen archway.
 12951 | D:12     | Found a blossoming altar of Fedhas.
 12984 | IceCv    | Entered an ice cave
 12988 | IceCv    | Reached skill level 1 in Invocations
 14396 | IceCv    | Noticed a death yak
 14411 | IceCv    | Killed a death yak
 14559 | IceCv    | Noticed a frost giant
 14584 | IceCv    | Killed a frost giant
 14584 | IceCv    | Reached skill level 10 in Armour
 14607 | IceCv    | Reached ****** piety under Beogh
 14637 | IceCv    | Reached XP level 13. HP: 62/118 MP: 15/15
 14666 | IceCv    | Got a steaming morningstar
 14890 | Orc:1    | Entered Level 1 of the Orcish Mines
 14988 | Orc:1    | Found a roughly hewn altar of Beogh.
 15256 | Orc:2    | Entered Level 2 of the Orcish Mines
 15453 | Orc:2    | Found a staircase to the Elven Halls.
 15510 | Orc:2    | Reached skill level 1 in Evocations
 15510 | Orc:2    | Gained Geork as an ally
 15516 | Orc:2    | Reached skill level 10 in Shields
 15543 | Orc:2    | Your ally Geork died
 15551 | Orc:2    | Found Geotot's Gadget Shop.
 15551 | Orc:2    | Found Foxis's Gadget Shop.
 15551 | Orc:2    | Found Ymon's General Store.
 15559 | Orc:2    | Noticed Azrael
 15570 | Orc:2    | Found Plog's Book Boutique.
 15576 | Orc:2    | Killed Azrael
 16473 | Orc:1    | Identified the cursed +1 morningstar "Nennyfri" {drain,
                  | rElec rF++} (You found it in an ice cave)
 16642 | D:11     | Found a large runed translucent door.
 16642 | D:11     | Found a large runed translucent door.
 16699 | D:11     | Found a shimmering altar of Xom.
 18922 | D:13     | Gained Worak as an ally
 19978 | D:14     | Found a gate to the Vaults.
 20582 | D:14     | Reached XP level 14. HP: 129/130 MP: 16/16
 20743 | Orc:2    | Bought a scroll of remove curse for 39 gold pieces
 20743 | Orc:2    | Bought a scroll of identify for 26 gold pieces
 21296 | D:15     | Entered Level 15 of the Dungeon
 21494 | D:15     | Found Pimul's Gadget Boutique.
 21513 | D:15     | Gained Marbork as an ally
 21560 | D:15     | Killed from afar by a fire dragon

Illustrated notes

Levels and vault maps discovered:
D:1:      psy_arrival_fountain, layout_basic, okawaru_ov_weapons_minmay
D:2:      layout_basic, grunt_ministairs_14, small_statue_intersection,
          uniq_crazy_yiuf_cottage, uniq_robin
D:3:      layout_rooms, gammafunk_temple_overflow_arena, minmay_three_crescents,
          uniq_grinder
D:4:      layout_cave_pools, portal_sewer_entry_c, sigmund_edmund_badplayer
D:5:      layout_cave_pods, basic_altar, glass_columns_a,
          nicolae_dithmenos_shadow_blocks
D:6:      layout_loops_ring, minmay_temple_entry_hall, minmay_misc_feat_rugged,
          lightli_church_of_beogh
D:7:      layout_basic, uniq_menkaure, uniq_maggie, uniq_harold
D:8:      minmay_the_grid_triangle_9x9_recursive_2
          [minmay_the_grid_triangle_9x9_prize_center,
          minmay_the_grid_triangle_9x9_shrine,
          minmay_the_grid_triangle_9x9_corruption,
          minmay_the_grid_triangle_9x9_empty], layout_rooms, david_lair_generic,
          serial_shops, shop, shop, kennysheep_mini_moat, shop,
          nicolae_shop_crystal
D:9:      layout_basic, amethyst_killhole
D:10:     layout_cave_pods, special_room [special_room_bee],
          hellmonk_ghost_happy_afterlife, serial_shops, kennysheep_mini
D:11:     layout_roguey, basic_altar, serial_shops,
          nicolae_shop_competitors_out_of_business, lightli_elemental_guards
D:12:     layout_roguey, david_orc_5, basic_altar,
          portal_ice_cave_entry_ice_beasts, chequers_serial_rivers_micro_e,
          lightli_corner_chamber
D:13:     layout_rooms, special_room [special_room_orc]
D:14:     layout_basic, david_vaults_2, infiniplex_staircase_pool_1,
          hangedman_decor_riveting
D:15:     grunt_enter_depths_hoard, layout_long_grid, enter_trove_5,
          serial_shops, shop
Temple:   compressed_dpeg_triangle_lava_temple
Orc:1:    layout_caves, basic_altar
Orc:2:    st_orc_mages, layout_diamond_mine, uniq_azrael

Skill      XL: |  1  2  3  4  5  6  7  8  9 10 11 12 13 14 |
---------------+-------------------------------------------+-----
Fighting       | 4 5 6 8 10 12 13 14 | 14.4
Axes           | 6 8 9 11 13 15 16 | 16.0
Dodging        | 3 4 |  4.7
Armour         | 2 3 4 5 7 9 10 12 | 12.8
Shields        | 3 4 6 9 11 | 11.6
Stealth        | 2 3 4 |  4.3
Invocations    | 2 3 4 |  4.5
Evocations     | 1 |  1.3

Action                   |  1- 3 |  4- 6 |  7- 9 | 10-12 | 13-15 || total
-------------------------+-------+-------+-------+-------+-------++-------
Melee: Hand axe          |   137 |   116 |   353 |       |       ||   606
       Mace              |       |       |    72 |       |       ||    72
       War axe           |       |       |   222 |   534 |   370 ||  1126
       Spear             |       |       |       |       |     1 ||     1
Invok: Recall Orcish Fol |       |       |       |     7 |    24 ||    31
       Give Item to Name |       |       |       |     1 |       ||     1
Evoke: Wand              |       |       |       |     2 |       ||     2
       Phial of floods   |       |       |       |     1 |       ||     1
  Use: Scroll            |       |       |    15 |     7 |     8 ||    30
       Potion            |       |       |     3 |     2 |       ||     5
 Stab: Sleeping          |     1 |       |       |       |       ||     1
       Distracted        |       |       |       |     1 |     6 ||     7
Armor: Robe              |    47 |       |       |       |       ||    47
       Scale mail        |    13 |    43 |   116 |       |       ||   172
       Chain mail        |       |       |   253 |    37 |       ||   290
       Plate armour      |       |       |    28 |   214 |   190 ||   432
       Ring mail         |       |       |       |     1 |       ||     1
Dodge: Dodged            |   133 |    63 |   237 |    87 |    64 ||   584
Block: Kite shield       |       |       |    77 |   215 |   183 ||   475

Table legend: (Time is in decaauts)
 A = Elapsed time spent in this place.
 B = Non-inter-level travel time spent in this place.
 C = Inter-level travel time spent in this place.
 D = Time resting spent in this place.
 E = Time spent auto-exploring this place.
 F = Levels seen in this place.
 G = Mean time per level.
                   A        B        C        D        E       F      G
               +--------+--------+--------+--------+--------+-----+--------+
         Total |  21482 |  20386 |   1096 |   1519 |  11326 |  20 | 1074.1 |
       Dungeon |  17051 |  16096 |    955 |    606 |   9379 |  15 | 1136.7 |
        Temple |    336 |    315 |     21 |      0 |    103 |   1 |  336.0 |
  Orcish Mines |   1751 |   1632 |    119 |      0 |   1220 |   2 |  875.5 |
         Sewer |    533 |    533 |      0 |      0 |    318 |   1 |  533.0 |
      Ice Cave |   1808 |   1808 |      0 |    913 |    306 |   1 | 1808.0 |
               +--------+--------+--------+--------+--------+-----+--------+

Top non-repeatable levels by time:
   IceCv: 1808 daAuts
    D:11: 1616 daAuts
    D:10: 1549 daAuts
     D:6: 1412 daAuts
    D:14: 1359 daAuts
     D:7: 1294 daAuts
     D:2: 1209 daAuts
   Orc:2: 1159 daAuts
    D:12: 1151 daAuts
     D:1: 1131 daAuts
    D:13: 1049 daAuts
     D:8: 1047 daAuts
     D:5: 1003 daAuts
     D:3: 999 daAuts
     D:9: 995 daAuts
